AoeStats
← AntiMetaist

Lombardia

510151811Analyzed
4v4 RM · 3d ago on Sep 29, 2026· 56m 47s· 8 players
Game mode
Random Map
Map size
Large (8 player)
Population
200
Speed
Normal
Resources
Standard
Victory
Conquest
Starting age
Dark Age
Ending age
Imperial Age
RankedLock teamsTeams togetherTeam positionsShared explorationLock speedFull tech treeHidden civsTurbo modeCheats
Victory
Defeat
🇹🇷 Cumans · Türkiye
1670
+17
🇦🇷 Burmese · Argentina
1667
+17
🇹🇷 Koreans · Türkiye
1633
+19
🇦🇹 Saracens · Austria
1614
+19
🇹🇼 Danes · Taiwan
1737
-19
🇹🇼 Varangians · Taiwan
1717
-19
🇹🇼 Magyars · Taiwan
1664
-17
🇭🇰 Poles · Hong Kong SAR China
1661
-17
USTA
6:15 Loom
8:26 Feudal Age
21:38 Fletching
22:54 Double-Bit Axe
23:59 Horse Collar
27:27 Gold Mining
27:53 Bloodlines
30:09 Castle Age
28:55 Scale Barding Armor
31:23 Chain Barding Armor
30:59 Capped Ram
35:58 Bow Saw
38:43 Forging
39:28 Wheelbarrow
43:01 Iron Casting
49:09 Imperial Age
46:42 Light Cavalry
48:58 Gold Shaft Mining
50:48 Plate Barding Armor
49:36 Cavalier
51:21 Blast Furnace
51:50 Hussar
53:38 Caravan
53:58 Scale Mail Armor
54:38 Hand Cart
54:00 Pikeman
54:26 Arson
54:42 Squires
55:02 Chain Mail Armor
55:22 Town Watch
55:20 Halberdier
56:34 Plate Mail Armor
57:45 Two-Man Saw
56:46 Heavy Plow
FutureEwe5582
6:46 Loom
8:53 Feudal Age
16:20 Castle Age
14:44 Horse Collar
21:00 Padded Archer Armor
26:22 Gold Mining
30:14 Town Watch
31:04 Wheelbarrow
34:34 Imperial Age
32:13 Treadmill Crane
33:36 Ballistics
35:03 Gold Shaft Mining
34:18 Stone Mining
34:30 Heavy Plow
34:49 Fletching
35:25 Hand Cart
35:11 Town Patrol
34:44 Elite Arambai
36:20 Parthian Tactics
36:19 Husbandry
36:29 Bloodlines
37:28 Chemistry
38:28 Crop Rotation
37:20 Light Cavalry
38:28 Hussar
39:14 Scale Barding Armor
40:08 Conscription
41:26 Chain Barding Armor
41:17 Forging
41:38 Manipur Cavalry
43:07 Plate Barding Armor
43:08 Iron Casting
49:29 Blast Furnace
48:28 Bodkin Arrow
50:15 Murder Holes
50:26 Siege Engineers
50:32 Masonry
AntiMetaist
6:44 Loom
8:58 Feudal Age
13:20 Fletching
17:44 Padded Archer Armor
23:30 Castle Age
21:54 Gold Mining
22:01 Double-Bit Axe
22:00 Horse Collar
23:34 Crossbowman
24:10 Bodkin Arrow
28:15 Leather Archer Armor
31:39 Bow Saw
31:30 Heavy Plow
32:26 Ballistics
33:15 Thumb Ring
38:50 Imperial Age
36:12 Town Watch
37:02 Wheelbarrow
39:33 Bracer
40:36 Chemistry
40:09 Arbalester
42:15 Conscription
43:01 Ring Archer Armor
43:27 Murder Holes
47:25 Onager
48:26 Siege Engineers
49:57 Masonry
52:15 Siege Onager
54:21 Caravan
55:32 Counterweights
Sekov
6:34 Loom
8:49 Feudal Age
9:17 Double-Bit Axe
9:23 Gold Mining
9:26 Stone Mining
12:50 Fletching
14:46 Horse Collar
21:50 Town Watch
24:25 Castle Age
24:42 Wheelbarrow
24:00 Gold Mining
25:06 Bodkin Arrow
25:28 Bow Saw
26:35 Ballistics
26:35 Masonry
28:26 Treadmill Crane
40:01 Hand Cart
42:43 Imperial Age
40:33 Scale Mail Armor
40:45 Forging
40:57 Heavy Plow
41:36 Eupseong
41:40 Squires
41:28 Arson
42:13 Chain Mail Armor
44:09 Plate Mail Armor
43:00 Elite Fire Lancer
43:48 Arrowslits
45:05 Chemistry
44:13 Pikeman
45:51 Iron Casting
46:14 Bracer
46:46 Architecture
46:22 Siege Engineers
45:42 Halberdier
50:03 Stone Shaft Mining
49:35 Murder Holes
50:21 Town Patrol
50:29 Heated Shot
53:11 Caravan
53:23 Guilds
53:45 Coinage
55:54 Conscription
56:06 Banking
57:13 Fortified Wall
Umi
8:48 Loom
11:12 Feudal Age
14:57 Castle Age
12:53 Double-Bit Axe
13:17 Horse Collar
15:27 Scale Barding Armor
15:51 Bow Saw
17:07 Bloodlines
28:11 Wheelbarrow
27:29 Gold Mining
28:58 Husbandry
29:49 Hand Cart
29:26 Town Watch
33:08 Imperial Age
30:32 Stone Mining
31:05 Scale Mail Armor
31:23 Squires
32:35 Chain Mail Armor
33:45 Forging
34:33 Plate Mail Armor
34:01 Elite Varangian Guard
34:51 Capped Ram
36:54 Iron Casting
36:05 Gambesons
40:32 Conscription
41:40 Blast Furnace
41:38 Pikeman
42:23 Halberdier
44:29 Arson
44:49 Gothikon
48:09 Chain Barding Armor
49:46 Plate Barding Armor
49:13 Husbandry
48:35 Light Cavalry
51:07 Caravan
51:51 Coinage
52:24 Onager
JamCat
8:37 Feudal Age
9:24 Double-Bit Axe
9:47 Horse Collar
10:18 Loom
15:37 Town Watch
17:04 Wheelbarrow
18:18 Scale Barding Armor
18:40 Bloodlines
21:55 Castle Age
22:14 Fletching
23:11 Bow Saw
23:49 Husbandry
24:52 Bodkin Arrow
26:56 Gold Mining
28:00 Ballistics
27:44 Padded Archer Armor
38:03 Leather Archer Armor
40:42 Imperial Age
38:36 Hand Cart
41:25 Bracer
42:28 Chemistry
42:18 Parthian Tactics
42:16 Recurve Bow
43:45 Conscription
45:13 Conscription
46:28 Thumb Ring
45:44 Heavy Cavalry Archer
46:43 Heavy Cavalry Archer
50:20 Ring Archer Armor
54:39 Caravan
RT_ego
10:12 Loom
11:57 Feudal Age
19:36 Castle Age
17:51 Double-Bit Axe
18:00 Gold Mining
18:00 Stone Mining
18:49 Horse Collar
20:41 Town Watch
26:09 Fletching
29:57 Wheelbarrow
38:59 Bow Saw
41:21 Hand Cart
41:40 Heavy Plow
46:03 Imperial Age
44:08 Caravan
44:41 Bodkin Arrow
44:46 Padded Archer Armor
44:41 Bodkin Arrow
44:46 Padded Archer Armor
45:31 Gold Shaft Mining
45:31 Stone Shaft Mining
46:55 Leather Archer Armor
47:01 Bracer
48:13 Chemistry
47:33 Ballistics
46:56 Cranequins
47:38 Heavy Mounted Crossbowman
48:24 Thumb Ring
49:01 Bloodlines
48:51 Husbandry
49:24 Ring Archer Armor
54:24 Masonry
54:56 Conscription
54:11 Onager
55:21 Siege Engineers
hide1914
5:05 Loom
9:21 Feudal Age
9:55 Double-Bit Axe
9:50 Horse Collar
13:17 Scale Barding Armor
17:01 Forging
22:54 Gold Mining
23:43 Wheelbarrow
27:01 Castle Age
26:55 Bloodlines
28:06 Bow Saw
28:16 Heavy Plow
28:34 Szlachta Privileges
31:17 Chain Barding Armor
30:59 Husbandry
31:22 Bloodlines
33:14 Iron Casting
36:54 Hand Cart
38:59 Town Watch
44:27 Imperial Age
46:17 Blast Furnace
45:39 Conscription
44:41 Cavalier
47:56 Light Cavalry
49:09 Lechitic Legacy
49:04 Winged Hussar
54:18 Crop Rotation
Connection lost

Rejoining the realm…

Still unreachable

The connection could not be restored.

Session expired

The server has moved on; the page needs a fresh start.